 Dungeon Crawl Stone Soup version 0.11.0-9-gb634444 (webtiles) character file.

893 BonerFartz the Chopper (level 7, 0/62 HPs)
             Began as a Minotaur Berserker on Nov 4, 2012.
             Was a Priest of Trog.
             Slain by a giant gecko (1 damage)
             ... on Level 5 of the Dungeon.
             The game lasted 01:11:40 (4661 turns).

BonerFartz the Chopper (Minotaur Berserker)         Turns: 4661, Time: 01:11:40

HP   0/62        AC  7     Str 22      XL: 7   Next: 47%
MP   2/2         EV  8     Int  4      God: Trog [***...]
Gold 211         SH  0     Dex 11      Spells:  0 memorised,  6 levels left

Res.Fire  : x . .   See Invis. : .   e - +1,+3 hand axe (pain)
Res.Cold  : + . .   Warding    : .   s - +0 scale mail
Life Prot.: . . .   Conserve   : .   (no shield)
Res.Poison: .       Res.Corr.  : .   (helmet restricted)
Res.Elec. : .       Clarity    : .   d - +0 cloak
Sust.Abil.: . .     Spirit.Shd : .   (no gloves)
Res.Mut.  : .       Stasis     : .   (no boots)
Res.Rott. : .       Ctrl.Telep.: .   (no amulet)
Saprovore : . . .   Levitation : .   (no ring) Ctrl.Flight: .
                                     a - ring of ice

@: exhausted, mildly poisoned, slowed, very slow, slightly resistant to hostile
enchantments, extremely unstealthy
A: retaliatory headbutt, horns 2
a: Burn Spellbooks, Berserk, Trog's Hand, Renounce Religion


You were on level 5 of the Dungeon.
You worshipped Trog.
Trog was greatly pleased with you.
You were very hungry.

You visited 1 branch of the dungeon, and saw 5 of its levels.

You collected 191 gold pieces.

Inventory:

Hand weapons
 b - a cursed +0,-3 bow
 e - a +1,+3 hand axe of pain (weapon)
 h - a +0,+0 dagger (quivered)
 q - a +0 blowgun
Missiles
 g - 18 poisoned needles
 k - 12 silver darts
 m - 45 darts
 r - 32 arrows
Armour
 d - a +0 cloak (worn)
 s - a +0 scale mail (worn)
Comestibles
 o - a lemon
Scrolls
 c - a scroll of noise {unknown}
 i - 2 scrolls of fog
 n - 3 scrolls of magic mapping
 t - a scroll of curse jewellery {unknown}
 u - a scroll of identify {unknown}
 y - a scroll of remove curse
Jewellery
 a - a ring of ice (left hand)
Potions
 p - a potion of cure mutation


   Skills:
 + Level 7.5 Fighting
 + Level 7.8 Axes
 - Level 2.4 Armour
 - Level 2.1 Dodging


You had 6 spell levels left.
You didn't know any spells.

Dungeon Overview and Level Annotations

Branches:
Dungeon (5/27)
 Temple: D:4-7

Altars:
Elyvilon


Innate Abilities, Weirdness & Mutations

You reflexively headbutt those who attack you in melee.
You have a pair of horns on your head.


Message History

The giant mite bites you but does no damage.
The ball python bites you but does no damage.
* * * LOW HITPOINT WARNING * * *
The ball python constricts you. The giant cockroach barely misses you.
The crimson imp barely misses you.
The crimson imp hits you but does no damage.
The centaur hits you!
* * * LOW HITPOINT WARNING * * *
The centaur hits you but does no damage.
The worm bites you but does no damage.
Your attempt to break free from the ball python fails, but you feel that another attempt might succeed.
The giant mite bites you.
* * * LOW HITPOINT WARNING * * *
The ball python barely misses you. You furiously retaliate!
You headbutt the ball python.
You kill the ball python!
Trog accepts your kill. The giant cockroach closely misses you.
The giant cockroach barely misses you. The giant gecko bites you.
You die...

.............o..
................
..................
..................
................##
.##..............###
...................#
........5s....f....#
........@s..).)....#
.......cwl......#...#
.......r.....f......
....................
#............%......
.............#####
............#
...........#
.....≈≈≈#


You could see a worm, an active ballistomycete, a centaur, a crimson imp, a
giant mite, a giant gecko, a giant cockroach and a rat.

Vanquished Creatures
  2 ogres (D:4)
  A centaur (D:3)
  A hound (D:4)
  3 orc priests
  Crazy Yiuf (D:2)
  3 orc wizards (D:4)
  A worker ant (D:4)
  Terence (D:2)
  4 adders
  An adder skeleton (D:4)
  A giant mite (D:2)
  2 worms
  19 orcs
  12 bats
  3 giant cockroaches
  6 hobgoblins
  3 jackals (D:4)
  2 oozes (D:2)
  4 quokkas
  2 ball pythons (D:5)
  2 giant geckos
  6 giant newts
  9 goblins
  A jackal skeleton (D:4)
  10 kobolds
  A quokka skeleton (D:4)
  11 rats
  A rat skeleton (D:4)
  2 toadstools
115 creatures vanquished.

Vanquished Creatures (collateral kills)
  An orc (D:4)
1 creature vanquished.

Vanquished Creatures (others)
  An orc priest (D:5)
  An orc wizard (D:5)
  A goblin (D:3)
  A hobgoblin (D:2)
  A giant newt (D:4)
  A giant spore (D:5)
  A rat (D:3)
  2 toadstools (D:3)
9 creatures vanquished.

Grand Total: 125 creatures vanquished

Notes
Turn   | Place    | Note
--------------------------------------------------------------
     0 | D:1      | BonerFartz, the Minotaur Berserker, began the quest for the Orb.
     0 | D:1      | Reached XP level 1. HP: 19/19 MP: 0/0
   275 | D:1      | read: hi butt
   279 | D:1      | read: You don't want his shit club.
   279 | D:1      | read: Your axe is better.
   290 | D:1      | read: Press o
   294 | D:1      | read: Loot that hsit.
   294 | D:1      | read: And wwear it.
   294 | D:1      | read: It's above you.
   295 | D:1      | read: lmao i have no idea
   297 | D:1      | Reached skill level 4 in Fighting
   300 | D:1      | read: WOOP YOU LEVELED
   300 | D:1      | Reached XP level 2. HP: 27/27 MP: 0/0
   308 | D:1      | read: w to weild.
   308 | D:1      | read: wield too.
   309 | D:1      | read: oh wow
   309 | D:1      | read: pain axe is good
   310 | D:1      | read: it menas you're shit
   315 | D:1      | read: go murder more things
   315 | D:1      | read: slings are for nerds who aren't axe dudes
   315 | D:1      | read: no
   323 | D:1      | read: yes
   323 | D:1      | read: lowercase d
   342 | D:1      | read: Your god thinks magic is shit.
   342 | D:1      | read: So you can't use magic.
   344 | D:1      | read: But he will gift you awesome weapons.
   345 | D:1      | read: Once you make him happy.
   347 | D:1      | read: Also I forgot but press p over corpses.
   348 | D:1      | read: To sacrifice to your god.
   348 | D:1      | read: Trog, the god of war.
   353 | D:1      | read: If you fuck up real bad.
   355 | D:1      | read: Or something is kicking your ass.
   362 | D:1      | read: a and then a again
   363 | D:1      | read: will make you own shit
   390 | D:1      | read: Sacrifice all corpses on this level.
   393 | D:1      | read: Yes.
   399 | D:1      | read: Top right you have
   401 | D:1      | read: *.....
   406 | D:1      | read: So 1/6 Favour
   408 | D:1      | read: w/ Trog
   419 | D:1      | read: At 4/6 you can summon own boner
   419 | D:1      | read: yeah
   420 | D:1      | read: gj you read a tele scroll
   420 | D:1      | Buttstallion420: \o/
   421 | D:1      | read: just walk around a bit
   448 | D:1      | read: You can't sac rotting shit.
   448 | D:1      | read: Trog has standards.
   448 | D:1      | read: Bro.
   449 | D:1      | Buttstallion420: mystery potion is mysterious
   449 | D:1      | read: you can drink potions to ID them
   452 | D:1      | read: it's guaranteed ID
   485 | D:1      | read: unlike scrolls
   488 | D:1      | read: but some potions will fuck your shit up
   490 | D:1      | Buttstallion420: wait that hand axe sas pain that seems new to me
   506 | D:1      | read: Pain is the Lugonu brand.
   509 | D:1      | read: It does +damage to living enemies.
   510 | D:1      | Acquired Trog's second power
   511 | D:1      | read: It's good to kill shit.
   517 | D:1      | Buttstallion420: your god level goes up
   535 | D:1      | read: There are 27 levels to the dungeon as well as 15 runes to collect scattered in various sub-branches of the dungeon.
   535 | D:1      | read: Loot those darts.
   537 | D:1      | read: g will loot them.
   537 | D:1      | read: you didn't, they're not on autoloot.
   537 | D:1      | read: no
   537 | D:1      | read: they're for throwing in a sling
   549 | D:1      | read: mhm.
   585 | D:1      | read: Crawl is a super complex game w/ a lot of depth and variety.
   588 | D:1      | read: It's also hard as fuck.
   593 | D:1      | read: Esc will close menus.
   641 | D:1      | read: P sure you're done this level right about now.
   716 | D:1      | read: Or soon.
   828 | D:1      | read: If you autoexplore it'll put you on corpses btw.
   828 | D:1      | read: Since you have a god who loves corpses.
   838 | D:1      | read: Press uppercase G and then >
   875 | D:1      | read: Kill him and do it again.
   876 | D:1      | read: G >
   910 | D:2      | read: there you go :>
   922 | D:2      | read: G is "GO SOMEWHERE"
   923 | D:2      | read: and > is down
   932 | D:2      | Buttstallion420: monsters regen usually
   942 | D:2      | read: Soon you'll be hungry.
   944 | D:2      | read: So we're going to want to butcher a corpse for food.
   950 | D:2      | read: But we'll cross that bridge when we get there.
   954 | D:2      | read: Back off to a corridor if you get fucked.
   954 | D:2      | read: Take Dex.
   954 | D:2      | read: You have plenty of STR
   954 | D:2      | Reached XP level 3. HP: 30/33 MP: 1/1
   962 | D:2      | read: But our next level will be STR prolly.
   965 | D:2      | read: Chop up the Quokka corpse w/ c
   970 | D:2      | read: v good
   970 | D:2      | read: you autoloot it
   972 | D:2      | read: sacrifice the rest of them
   997 | D:2      | read: Certain races can just eat raw meat whenever and give no fucks.
   999 | D:2      | read: You can't.
  1002 | D:2      | read: So you can only eat while hungry.
  1007 | D:2      | read: Meat rots eventually but you should hunger before yours does.
  1012 | D:2      | read: :iiam:
  1054 | D:2      | Noticed Terence
  1055 | D:2      | read: It'll tell you.
  1055 | D:2      | read: Oh shit terence.
  1055 | D:2      | read: He's a unique.
  1055 | D:2      | read: He may fuck you up.
  1055 | D:2      | read: SPOILERS.
  1056 | D:2      | read: You don't have to!
  1056 | D:2      | read: You can run away.
  1056 | D:2      | read: He will chase.
  1056 | D:2      | read: Yes.
  1056 | D:2      | read: Press a a
  1056 | D:2      | read: YES
  1058 | D:2      | Killed Terence
  1059 | D:2      | read: GET FUCKED
  1059 | D:2      | read: v good
  1060 | D:2      | read: k wait out your berserk
  1060 | D:2      | read: 5
  1063 | D:2      | read: now e
  1063 | D:2      | read: y
  1066 | D:2      | read: now 5
  1066 | D:2      | read: you don't wanna be slow
  1079 | D:2      | read: Exhausted is just no berserking for a small duration
  1082 | D:2      | read: You go from Hungry -> Very Hungry -> Nearly Starving
  1082 | D:2      | read: then Starving.
  1084 | D:2      | read: Between Hungry and Starving nothing bad happens except no berskering.
  1084 | D:2      | read: yes
  1089 | D:2      | read: You don't need any of it.
  1108 | D:2      | read: Your axe is p good
  1214 | D:2      | read: Just FYI
  1236 | D:2      | read: I have over 1000 games of crawl and I've yet to beat it.
  1286 | D:2      | read: WELP
  1289 | D:2      | read: You can't berserk now since you're hungry either.
  1289 | D:2      | read: v good :>
  1293 | D:2      | read: In situations like that.
  1299 | D:2      | read: Don't forget you have potions and scrolls.
  1329 | D:2      | read: Some scrolls let you blink to any visible square.
  1399 | D:2      | read: If you have >3 of any potion right now, they're probably curing.
  1443 | D:2      | read: You want to identify those early, they remove poison and confusion.
  1448 | D:2      | read: As well as healing around 15 HP.
  1448 | D:2      | read: There are also Heal Wounds.
  1448 | D:2      | read: You want Scale Mail.
  1449 | D:2      | read: It's better than yours.
  1451 | D:2      | read: 7 AC and -4 EV compared to 6 AC and -3 EV
  1463 | D:2      | read: yes
  1463 | D:2      | read: It's cursed, meaning you can't remove it without a remove curse scroll.
  1463 | D:2      | read: But it has no negative effects.
  1464 | D:2      | read: So you don't need to worry about it.
  1468 | D:2      | read: You can find like.
  1468 | D:2      | read: Rings that double your hunger rate AND are cursed.
  1468 | D:2      | read: That shit sucks.
  1468 | D:2      | read: :D!
  1468 | D:2      | read: keep it on
  1468 | D:2      | read: but that's nice
  1468 | D:2      | read: Remove curse is quite common.
  1469 | D:2      | read: Tied for commonality with identify scrolls.
  1470 | D:2      | read: Speed potions own.
  1470 | D:2      | read: They speed attacks as well as movement.
  1471 | D:2      | read: And invisibilty is obviously good.
  1472 | D:2      | read: though some mobs can see invis.
  1472 | D:2      | read: Cure Mut is very good for later.
  1473 | D:2      | read: When shit mutates you.
  1483 | D:2      | Noticed Crazy Yiuf
  1484 | D:2      | read: oh hey it's Crazy Yiuf.
  1487 | D:2      | read: He's guaranteed to drop a Chaos Staff
  1490 | D:2      | read: But it's mediocre for you.
  1493 | D:2      | read: yes.
  1493 | D:2      | Killed Crazy Yiuf
  1493 | D:2      | Reached skill level 5 in Fighting
  1493 | D:2      | Reached skill level 5 in Axes
  1493 | D:2      | Reached XP level 4. HP: 30/40 MP: 1/1
  1494 | D:2      | read: v good you leveled.
  1496 | D:2      | read: Loot cloak.
  1496 | D:2      | read: Wear.
  1504 | D:2      | read: nope
  1504 | D:2      | read: Can't sell, can only buy stuff.
  1510 | D:2      | read: If you find a crossbow, loot it though. They're useful for your build.
  1514 | D:2      | read: You also look badass w/ a cloak
  1514 | D:2      | read: ya
  1520 | D:2      | read: Fuck the police etc
  1524 | D:2      | read: Nothing ATM
  1531 | D:2      | read: Later you'll get an executioners axe
  1531 | D:2      | read: which is 2H
  1531 | D:2      | read: And also fucks shit up.
  1534 | D:2      | read: YA
  1537 | D:2      | read: BTW if flesh has a yellow marker on it
  1538 | D:2      | read: or orange
  1538 | D:2      | read: you can get sick
  1540 | D:2      | read: And nauseous.
  1540 | D:2      | read: And then you cna't stomach food and can starve
  1540 | D:2      | read: Well depends on if you want to risk it.
  1540 | D:2      | read: Sometimes I do.
  1546 | D:2      | read: mhm.
  1551 | D:2      | read: Or no, on the flesh icon.
  1595 | D:2      | read: You'll see.
  1607 | D:2      | read: Not everything does all the time.
  1621 | D:3      | read: So you can get fucked and be really hungry and no food drops.
  1630 | D:3      | read: Rats are a good source of edible meat.
  1633 | D:3      | read: You can just do
  1633 | D:3      | read: e,y
  1634 | D:3      | read: e to eat
  1637 | D:3      | read: and y to say yes to the most sensible chunk
  1641 | D:3      | read: use your ability
  1641 | D:3      | read: or you will die
  1642 | D:3      | read: the priests will fuck you up
  1654 | D:3      | Reached XP level 5. HP: 44/47 MP: 1/1
  1656 | D:3      | read: yup :D!
  1658 | D:3      | read: He smited you.
  1707 | D:3      | read: It's unavoidable.
  1708 | D:3      | read: Unblockable damage.
  1708 | D:3      | read: Orc Priests enjoy doing it.
  1708 | D:3      | read: VERY GOOD
  1708 | D:3      | read: Press g then m if you want to loot shit and there's a lot
  1708 | D:3      | read: it'll open a loot menu
  1708 | D:3      | read: Nothing useful here.
  1708 | D:3      | read: Also the little smiley on corpses.
  1716 | D:3      | read: It shows the condition.
  1718 | D:3      | read: That yellow :| face is sickly.
  1720 | D:3      | read: And a green one is poisonous.
  1721 | D:3      | read: If you get Resist Poison you can eat poisonous meat though
  1721 | D:3      | read: Green meat never eat.
  1721 | D:3      | read: Yellow eat if you need it.
  1733 | D:3      | read: Try to only eat safe meat if possible.
  1748 | D:3      | read: You need a blow gun for needles but you have 21 STR which means a lot of carrying capacity
  1748 | D:3      | read: so loot w/e you want for the most part
  1749 | D:3      | read: neato
  1749 | D:3      | read: mapping scroll
  1749 | D:3      | read: There is a way to look at places you have on your map but IDK how to do it on the online version.
  1749 | D:3      | read: Purple is down stairs.
  1749 | D:3      | read: that's all I know because i never need any other ones
  1749 | D:3      | read: nah
  1758 | D:3      | read: You already have a god.
  1758 | D:3      | read: Trog.
  1766 | D:3      | read: That's Elyvion's shrine.
  1794 | D:3      | read: The Goddess of Healing
  1810 | D:3      | read: Snakes are shitlords
  1817 | D:3      | read: Oh I forgot to tell you.
  1819 | D:3      | read: You have a bunch of non-rotting food.
  1819 | D:3      | read: Bread, fruit, cooked meat.
  1823 | D:3      | read: yes.
  1832 | D:3      | read: Rats, snakes.
  1832 | D:3      | read: Bats.
  1832 | D:3      | read: All drop edible meat.
  1833 | D:3      | read: Meat Rations do not drop from mobs.
  1838 | D:3      | read: Ah, not really.
  1842 | D:3      | read: Centaurs drop edible meat.
  1858 | D:3      | read: BTW centaurs will probably murder you
  1862 | D:3      | read: If you find one.
  1876 | D:3      | read: Poisoned.
  1876 | D:3      | read: You can use curing potion to remove it but I would advise not to waste it.
  1877 | D:3      | read: Depends on the poison.
  1877 | D:3      | read: This one is not so bad.
  1877 | D:3      | read: If you're worried, press a.
  1877 | D:3      | read: Then ?
  1877 | D:3      | read: And choose Trogs Hand
  1877 | D:3      | read: This gives you extremely fast regen.
  1877 | D:3      | read: Trogs Hand, that is.
  1879 | D:3      | read: And boosts magic resistance.
  1944 | D:3      | read: It hungers you and costs piety though.
  1947 | D:3      | read: So don't spam it.
  2138 | D:3      | read: Cut up the bat.
  2138 | D:3      | read: For later.
  2141 | D:3      | read: nvm, bat rotting.
  2141 | D:3      | read: WELP
  2158 | D:3      | read: Yup you're @ 2/6 pips of piety.
  2158 | D:3      | read: You can.
  2162 | D:3      | read: yes
  2162 | D:3      | read: 1 sec
  2162 | D:3      | read: what did you use
  2162 | D:3      | read: oh a scroll
  2162 | D:3      | read: um
  2162 | D:3      | read: Press ?
  2162 | D:3      | read: Do you have un identified potions.
  2162 | D:3      | read: If so use on them.
  2162 | D:3      | read: then use it on your cloak.
  2163 | D:3      | read: As soon as you read something it's used..
  2165 | D:3      | read: That was probably a scroll of identify.
  2165 | D:3      | read: We can't know for sure.
  2178 | D:3      | read: Only enchant armour, weapon or identify asks you to pick an item to use on.
  2179 | D:3      | read: So it's one of those.
  2179 | D:3      | read: ID is the most common of the three.
  2179 | D:3      | read: Try on your rings.
  2179 | D:3      | read: You might ID them by wearing.
  2179 | D:3      | read: Nope.
  2179 | D:3      | read: You're an armour dude.
  2189 | D:3      | read: Let's hope you don't get unlucky :D
  2189 | D:3      | read: It's ice, mediocre.
  2196 | D:3      | Found a white marble altar of Elyvilon.
  2197 | D:3      | read: Leave it on for now.
  2202 | D:3      | read: it is friendly
  2204 | D:3      | read: you won't autoattack it
  2208 | D:3      | read: w/ tab
  2217 | D:3      | read: Enchant Weapon 2 is +damage
  2217 | D:3      | read: You have a branded weapon so we don't know it's original enchant level.
  2217 | D:3      | read: All weapons normally start at 0,0
  2217 | D:3      | read: Which means +0 accuracy, +0 damage
  2217 | D:3      | read: Enchant 1 is +1 Acc
  2229 | D:3      | read: 2 is +1 damage
  2231 | D:3      | read: 3 is +1,+1
  2242 | D:3      | read: Your axe is prolly like 3,1 or something.
  2246 | D:3      | read: Sac all their bodies.
  2253 | D:3      | read: If they left them.
  2261 | D:3      | read: If you press o after murdering people.
  2265 | D:3      | read: It will first move you to their corspes.
  2265 | D:3      | read: To let you sacrifice them.
  2265 | D:3      | read: then move on.
  2279 | D:3      | read: get fucked imo
  2281 | D:3      | read: \o/
  2281 | D:3      | read: You can loot his blowgun
  2282 | D:3      | read: and needles
  2282 | D:3      | read: if you want
  2282 | D:3      | read: So you can use them.
  2311 | D:3      | read: You have to wield the blow gun if/when you want to use it.
  2317 | D:3      | read: space to scroll through inventrory
  2317 | D:3      | read: oh uhh
  2317 | D:3      | read: cloak.
  2323 | D:3      | read: Did the scroll say "TRIED BEFORE on XXXX"
  2350 | D:3      | read: If so you should have kept it.
  2464 | D:3      | read: hm weird.
  2464 | D:3      | read: :iiam:
  2542 | D:3      | read: sick arrws
  2568 | D:3      | Reached skill level 6 in Axes
  2582 | D:3      | Noticed a centaur
  2583 | D:3      | read: \o/
  2583 | D:3      | read: OH BOY A CENTAUR
  2583 | D:3      | read: move left and down to get out of his LoS
  2585 | D:3      | read: you can
  2585 | D:3      | read: he's a scrub in melee
  2585 | D:3      | read: just bad at range
  2587 | D:3      | read: yes
  2588 | D:3      | read: he can shoot all LoS
  2589 | D:3      | read: Go attack him
  2589 | D:3      | read: fuck him
  2591 | D:3      | Killed a centaur
  2591 | D:3      | read: lmao
  2591 | D:3      | read: get STR
  2591 | D:3      | Reached XP level 6. HP: 55/55 MP: 2/2
  2592 | D:3      | read: Fuck DEX
  2666 | D:3      | read: I think maybe he has meat
  2667 | D:3      | read: nope
  2673 | D:3      | read: Centaur bodies will butcher into like 6 chunks of edible meat tho which is nice.
  2737 | D:3      | read: that worm can drop edible meat
  2741 | D:3      | read: and he did
  2746 | D:3      | read: eat that shit
  2746 | D:3      | read: delicious
  2900 | D:3      | read: these assholes can come in big packs
  2902 | D:3      | read: if they do and they have a purple + green dude
  2902 | D:3      | read: be careful
  2906 | D:3      | read: purple and green orcs are shitlords
  2908 | D:3      | read: they're wizards/priests
  3064 | D:3      | read: Also one/two more piety levels with trog and you'll be eligible for gifts.
  3084 | D:4      | read: His gifts own usually \o/
  3088 | D:4      | read: Take the corridor before they spill out.
  3088 | D:4      | read: Oh shit go upstairs
  3088 | D:4      | read: Eat food.
  3091 | D:3      | read: When you use stairs.
  3091 | D:3      | read: Enemies immediately beside them will go up w/ you.
  3091 | D:3      | read: Kill him he's a scrub.
  3093 | D:3      | read: Eat a piece of meat.
  3094 | D:3      | read: Go down and berserk and you should win.
  3102 | D:4      | read: Orc
  3102 | D:4      | read: Quokka
  3102 | D:4      | read: And Wizard
  3102 | D:4      | read: You should be fine I think.
  3123 | D:4      | read: fear is a good idea
  3127 | D:3      | read: go STRAIGHT to stairs
  3127 | D:3      | read: v good
  3149 | D:3      | read: haha
  3341 | D:3      | read: k you can go down for another shot, or take diff stairs
  3341 | D:3      | read: and enter the 4th floor somewhere else
  3341 | D:3      | read: Up to you.
  3341 | D:3      | read: Makes you attack faster.
  3341 | D:3      | read: Run faster.
  3342 | D:3      | read: It's good.
  3353 | D:4      | read: Fast + Slow lmao
  3360 | D:4      | read: If the game lags for you.
  3361 | D:4      | read: The client is seamless.
  3369 | D:4      | read: IDK how your experience is online.
  3374 | D:4      | read: I get input lag when I do online.
  3376 | D:4      | read: So I only play offline \o/
  3385 | D:4      | read: brb, don't die TIA
  3394 | D:4      | read: that ogre
  3394 | D:4      | read: can fuck you up
  3394 | D:4      | read: if you are not careful
  3394 | D:4      | read: SPOILERS
  3394 | D:4      | read: k brb for real
  3408 | D:4      | Reached skill level 7 in Axes
  3491 | D:4      | read: hey look you're not dead
  3493 | D:4      | read: v good
  3495 | D:4      | read: oh hey it's an orc pack flanking you
  3500 | D:4      | read: get blinked on
  3501 | D:4      | read: and also he's invisible
  3502 | D:4      | read: :D!
  3510 | D:4      | read: "It" does something means an invis monster.
  3510 | D:4      | read: \o/
  3518 | D:4      | read: RIP BonerFartz ):
  3527 | D:3      | read: haha what how did you live
  3553 | D:3      | read: starving, w/e don't give a FUCK
  3787 | D:4      | read: Bread Ration is 2nd to best food along side meat ration btw
  3787 | D:4      | Reached XP level 7. HP: 40/62 MP: 2/2
  3788 | D:4      | read: also get fucked bro
  3815 | D:4      | read: Press Ctrl A
  3821 | D:4      | read: You have autoloot off
  3823 | D:4      | read: it auto-offs when something goes invisible
  3860 | D:4      | read: so you're not looting while dying
  3867 | D:4      | You fall through a shaft!
  3867 | D:5      | Entered Level 5 of the Dungeon
  3868 | D:5      | read: oh shit
  3868 | D:5      | read: GO UP STAIRS
  3875 | D:4      | read: k back off into corridor
  3876 | D:4      | read: both these dudes can drop edible meat
  3889 | D:4      | read: ran away liike a scrub
  3896 | D:4      | read: fucking salamander or w/e
  3900 | D:4      | read: you need
  3906 | D:4      | read: Traps and Doors skill
  3915 | D:4      | read: to see shit like that more frequently
  3922 | D:4      | read: It's a % chance.
  3922 | D:4      | read: Scale > Ring
  3922 | D:4      | read: Leave it
  3945 | D:4      | read: You want Splint Mail or Plate
  3954 | D:4      | read: It will say
  3955 | D:4      | read: Runed Scale Mail
  3956 | D:4      | read: or
  3957 | D:4      | read: Glowing
  3963 | D:4      | read: If it's branded/ego.
  3973 | D:4      | read: If it's randart / artifact.
  3973 | D:4      | read: It will be like.
  3973 | D:4      | read: "Burnt Black Scale Mail"
  3973 | D:4      | read: or somethn
  3973 | D:4      | read: just extra resist to corrosion
  3973 | D:4      | read: won't add AC
  3973 | D:4      | read: So leave it
  4033 | D:4      | read: Yours is +2 already so we don't really care.
  4075 | D:4      | read: Check your inventory.
  4084 | D:4      | read: Also sac more corpses, don't chop more than you need.
  4108 | D:4      | read: You're wasting possible piety when you chop excess meat.
  4173 | D:4      | Acquired Trog's third power
  4174 | D:4      | read: You can take a couple of these like this no problem now.
  4177 | D:4      | read: Oh shit right I forgot, press m.
  4178 | D:4      | read: Oh, only 7.
  4178 | D:4      | read: Hm.
  4178 | D:4      | read: mk leave menu
  4181 | D:4      | read: You want to get about 9 fighting and 10 axes.
  4184 | D:4      | read: Call Reinforcments.
  4187 | D:4      | read: Will summon a dude that does like.
  4191 | D:4      | read: 10x your damage.
  4293 | D:4      | read: But it's piety expensive.
  4293 | D:4      | read: So only use when necessary.
  4293 | D:4      | read: Also it has a failure rate.
  4312 | D:5      | read: +Piety lowers failure.
  4312 | D:5      | read: Go up stairs
  4312 | D:5      | read: Do not fight these here.
  4314 | D:4      | read: Uhhhh
  4314 | D:4      | read: You might die.
  4314 | D:4      | read: :V
  4314 | D:4      | read: TRY IT I GUESS?
  4314 | D:4      | read: Wait no don't.
  4314 | D:4      | read: go diagonal
  4314 | D:4      | read: up right
  4315 | D:4      | read: then summon
  4315 | D:4      | read: a
  4315 | D:4      | read: then ?
  4315 | D:4      | read: it's a,c
  4315 | D:4      | read: i think
  4315 | D:4      | read: 69% failure
  4315 | D:4      | read: V GOOD
  4315 | D:4      | read: Yes
  4315 | D:4      | read: You can spam it and hope to dear god
  4315 | D:4      | read: Trogs Hand might help a bit
  4317 | D:4      | read: YOU DID IT
  4318 | D:4      | read: Run up
  4329 | D:4      | read: Where the shit is the orge
  4340 | D:4      | read: The bear will vanish eventually.
  4344 | D:4      | read: Ahahahahhahaha
  4349 | D:4      | read: lmao the bear is leaving right now
  4349 | D:4      | read: best ogre
  4349 | D:4      | read: You lost piety by using summon.
  4349 | D:4      | read: what are you doing
  4349 | D:4      | read: use it
  4352 | D:4      | read: go up
  4352 | D:4      | read: rest
  4353 | D:4      | read: come down
  4353 | D:4      | read: murder
  4535 | D:4      | read: Or just go down again
  4543 | D:4      | read: who fgives a shit about this orgre
  4549 | D:4      | read: Waste of time.
  4563 | D:4      | read: \o/
  4564 | D:4      | read: eat him
  4584 | D:4      | read: or not
  4595 | D:4      | read: you sacced that's fine too
  4601 | D:4      | read: I'll eat :| meat at hungry.
  4619 | D:4      | read: Since if I get nauseous.
  4625 | D:4      | read: It'll be gone before I go down to Very Hungry.
  4627 | D:4      | read: ook
  4632 | D:4      | read: delicious rotting orc flesh
  4632 | D:4      | read: mmmm sickness and death
  4632 | D:4      | read: it's a delicious
  4632 | D:4      | read: fruit
  4632 | D:4      | read: correct
  4645 | D:5      | read: I think you can use it at Hungry, not at anything lower.
  4645 | D:5      | read: That spore is going to fuck you up maybe
  4645 | D:5      | read: :V
  4645 | D:5      | read: hahaha
  4645 | D:5      | read: it booms once
  4645 | D:5      | read: then makes mushrooms
  4645 | D:5      | read: which will eventually spawn more
  4645 | D:5      | read: for now you're confused probably
  4645 | D:5      | read: and it's gone
  4646 | D:5      | read: So uhhhhh
  4646 | D:5      | read: You can't control normally.
  4646 | D:5      | read: Spore confused you.
  4647 | D:5      | read: You learned the enchant level of your axe.
  4647 | D:5      | read: It is 1,3.
  4647 | D:5      | read: +1 Acc +3 dmg
  4647 | D:5      | read: Go upstairs if you can
  4647 | D:5      | read: For hnow
  4652 | D:5      | read: no you lucked out and got a sick axe
  4654 | D:5      | read: welp get owned
  4658 | D:5      | read: haha a centaur too
  4659 | D:5      | read: you're constricted in place
  4660 | D:5      | read: p sure you're dead
  4660 | D:5      | read: sorry bro ):
  4660 | D:5      | read: press space to see what happened
  4660 | D:5      | read: idk \o/
  4660 | D:5      | HP: 1/62 [centaur (7)]
  4661 | D:5      | Slain by a giant gecko
